 Dungeon Crawl Stone Soup version 0.17.0-15-g6d90897 (webtiles) character file.

1857 zarick13 the Grappler (level 9, -22/70 HPs)
             Began as a Ghoul Monk on Nov 11, 2015.
             Annihilated by an orc warrior
             ... wielding a +5 halberd
              (27 damage)
             ... on level 6 of the Dungeon.
             The game lasted 00:12:54 (4642 turns).

zarick13 the Grappler (Ghoul Monk)                  Turns: 4642, Time: 00:12:54

Health: -22/70     AC:  8    Str: 18    XL:     9   Next: 13%
Magic:  8/8        EV: 11    Int:  5    God:
Gold:   271        SH:  0    Dex: 11    Spells: 0 memorised, 8 levels left

rFire  + . .     SeeInvis .       - Unarmed
rCold  + + .     Clarity  .     s - +2 ring mail {rC+}
rNeg   + + +     SustAt   .     (no shield)
rPois  ∞         Gourm    .     (no helmet)
rElec  .         Spirit   .     (no cloak)
rCorr  .         Warding  .     (no gloves)
rMut   .         Stasis   .     a - +0 pair of boots
MR     .....                    (no amulet)
Stlth  +.........               (no ring)
                                m - ring of protection from fire

@: rotting, not resistant to hostile enchantments, very unstealthy
A: rotting body, claws 1, carnivore 3, cold resistance 1, negative energy
resistance 3, slow regeneration 1, torment resistance, unbreathing
a: no special abilities


You were on level 6 of the Dungeon.
You were not hungry.

You visited 1 branch of the dungeon, and saw 6 of its levels.

You collected 271 gold pieces.

Inventory:

Armour
 a - a +0 pair of boots (worn)
 i - a +0 leather armour
 q - a +0 plate armour
 s - a +2 ring mail of cold resistance (worn)
 u - a +0 scale mail
Jewellery
 m - a ring of protection from fire (left claw)
Wands
 j - a wand of slowing (18)
 y - a wand of disintegration (12)
Scrolls
 c - 3 scrolls of amnesia
 p - 3 scrolls of magic mapping
 r - 3 scrolls of recharging
 t - a scroll of teleportation {unknown}
 w - a scroll of remove curse {unknown}
Potions
 d - 3 potions of curing
 e - a potion of agility {unknown}
 g - 3 potions of ambrosia {unknown}
 h - 5 potions of flight
 o - a potion of might {unknown}
 z - a potion of haste {unknown}
Comestibles
 b - 4 meat rations
 l - a slice of pizza
 n - 2 beef jerkies


   Skills:
 - Level 3.2 Fighting
 - Level 2.6 Dodging
 - Level 2.1 Stealth
 * Level 12.9 Unarmed Combat


You had 8 spell levels left.
You didn't know any spells.

Dungeon Overview and Level Annotations

Branches:
Dungeon (6/15)
 Temple: D:4-7

Altars:
Ashenzari
Cheibriados
Ru
Xom

Shops:
D:5 ?

Annotations:
D:3 skittles's ghost, amateur DrVM
D:6 1 runed door, Dowan; Duvessa


Innate Abilities, Weirdness & Mutations

Your body is rotting away.
You thrive on raw meat.
You are immune to poison.
You have sharp fingernails.
You are carnivorous and can eat meat at any time.
Your flesh is cold resistant.
You are immune to negative energy.
You regenerate slowly when monsters are visible.
You are immune to unholy pain and torment.
You can survive without breathing.


Message History

You feel better. The orc misses you.
Dowan casts a spell.
Dowan blinks!
The orc warrior hits you but does no damage.
You barely miss the orc. Your claw misses the orc. The orc closely misses you.
You mangle the orc!!
You kill the orc!
There is an open door here.
You scratch the orc but do no damage.
The orc warrior hits you with an enchanted halberd!
* * * LOW HITPOINT WARNING * * *
The orc hits you with a short sword.
* * * LOW HITPOINT WARNING * * *
Unknown command.
You scratch the orc warrior but do no damage.
The orc warrior is heavily wounded.
You scratch the orc warrior.
The orc warrior is heavily wounded.
The orc warrior hits you with an enchanted halberd!!
You die...

#######..#..............(#
#.......##..........)....#
#.......##....#######....#
#######.##... #....#
#.##... +....# #.##....
#....#
#o##....#######....#
#o##........)......#
#.##......@o[......#
#o#########o########
#..o..#####e#
#####oe.o...# #.#######
#.# #.# #.# #.#


You could see an orc warrior, Dowan and an orc.

Vanquished Creatures
  Sigmund (D:6)
  A water moccasin (D:6)
  A black bear (D:6)
  An ice beast (D:6)
  2 sky beasts (D:6)
  3 ogres
  A big kobold (D:6)
  Blork the orc (D:6)
  A giant frog (D:6)
  A scorpion (D:5)
  A hound (D:3)
  A crimson imp (D:6)
  3 orc priests
  2 iguanas
  8 orc wizards
  2 giant frog skeletons
  2 worker ants
  7 adders
  2 oozes
  An adder zombie (D:6)
  2 worms
  4 giant geckos
  14 orcs
  6 bats
  6 giant cockroaches
  4 goblins
  3 hobgoblins
  16 jackals
  2 quokkas (D:3)
  2 ball pythons
  A giant gecko skeleton (D:5)
  A giant gecko zombie (D:5)
  4 giant newts
  10 kobolds
  8 rats
125 creatures vanquished.

Notes
Turn   | Place    | Note
--------------------------------------------------------------
     0 | D:1      | zarick13 the Ghoul Monk began the quest for the Orb.
     0 | D:1      | Reached XP level 1. HP: 19/19 MP: 0/0
   128 | D:1      | Reached XP level 2. HP: 26/26 MP: 1/1
   287 | D:1      | Reached skill level 5 in Unarmed Combat
   570 | D:1      | Reached XP level 3. HP: 31/31 MP: 2/2
   923 | D:2      | Found a snail-covered altar of Cheibriados.
  1102 | D:2      | Reached skill level 6 in Unarmed Combat
  1102 | D:2      | Reached XP level 4. HP: 31/38 MP: 3/3
  1608 | D:3      | Reached XP level 5. HP: 24/45 MP: 4/4
  1651 | D:3      | Reached skill level 7 in Unarmed Combat
  1780 | D:3      | Noticed skittles's ghost (amateur DrVM)
  2127 | D:4      | Reached XP level 6. HP: 36/51 MP: 5/5
  2281 | D:4      | Found a shattered altar of Ashenzari.
  2332 | D:4      | Found a sacrificial altar of Ru.
  2676 | D:4      | Reached skill level 8 in Unarmed Combat
  2721 | D:4      | Found a shimmering altar of Xom.
  2726 | D:4      | Noticed an ogre
  2734 | D:4      | Killed an ogre
  3019 | D:5      | Entered Level 5 of the Dungeon
  3088 | D:5      | Reached skill level 9 in Unarmed Combat
  3088 | D:5      | Reached XP level 7. HP: 22/56 MP: 6/6
  3713 | D:5      | Found Rots's Magic Scroll Shop.
  3734 | D:5      | Reached skill level 10 in Unarmed Combat
  4053 | D:6      | Noticed Sigmund
  4061 | D:6      | Killed Sigmund
  4061 | D:6      | Reached XP level 8. HP: 51/63 MP: 7/7
  4109 | D:6      | Reached skill level 11 in Unarmed Combat
  4463 | D:6      | Reached skill level 12 in Unarmed Combat
  4492 | D:6      | Noticed Blork the orc
  4501 | D:6      | Killed Blork the orc
  4501 | D:6      | Reached XP level 9. HP: 58/66 MP: 8/8
  4540 | D:6      | Found a runed door.
  4601 | D:6      | Noticed Dowan
  4602 | D:6      | Noticed Duvessa
  4642 | D:6      | Annihilated by an orc warrior

Action                   |  1- 3 |  4- 6 |  7- 9 || total
-------------------------+-------+-------+-------++-------
Melee: Unarmed           |   113 |   189 |   181 ||   483
Evoke: Wand              |       |       |     3 ||     3
  Use: Scroll            |     7 |     4 |     1 ||    12
       Potion            |       |     1 |     1 ||     2
 Stab: Sleeping          |     3 |     2 |       ||     5
       Distracted        |     1 |       |       ||     1
  Eat: Chunk             |    19 |    31 |    23 ||    73
